AoeStats
← Neo2087

Black Forest

508129525Analyzed
3v3 RM · 11d ago on Sep 21, 2026· 56m 45s· 6 players
Game mode
Random Map
Map size
Normal (6 player)
Population
200
Speed
Normal
Resources
Standard
Victory
Conquest
Starting age
Dark Age
Ending age
Imperial Age
RankedLock teamsTeams togetherTeam positionsShared explorationLock speedFull tech treeHidden civsTurbo modeCheats
Victory
Defeat
🇨🇦 Romans · Canada
967
+15
🇦🇺 Saracens · Australia
896
+18
🇺🇸 Magyars · United States
896
+18
🇨🇦 Romans · Canada
954
-18
🇨🇦 Teutons · Canada
930
-17
🇨🇦 Persians · Canada
915
-16
rgoessl
0:34 Loom
13:54 Feudal Age
19:59 Castle Age
18:49 Double-Bit Axe
20:57 Man-at-Arms
21:43 Long Swordsman
23:51 Squires
25:13 Horse Collar
25:26 Gold Mining
25:48 Scale Mail Armor
25:58 Forging
25:54 Stone Mining
28:36 Arson
34:11 Wheelbarrow
34:44 Heavy Plow
35:42 Stone Shaft Mining
37:35 Chain Mail Armor
37:37 Town Watch
39:12 Hand Cart
39:41 Town Patrol
41:26 Fortified Wall
43:10 Iron Casting
43:01 Gambesons
46:36 Imperial Age
45:25 Fletching
45:52 Masonry
46:06 Ballistics
46:55 Two-Handed Swordsman
48:08 Plate Mail Armor
47:10 Elite Teutonic Knight
48:00 Champion
49:27 Crenellations
49:43 Hoardings
49:41 Bow Saw
50:03 Crop Rotation
50:38 Blast Furnace
49:51 Pikeman
52:49 Cavalier
53:40 Bloodlines
54:19 Paladin
56:37 Scale Barding Armor
alexsnyder3
0:58 Loom
16:18 Feudal Age
17:34 Double-Bit Axe
18:22 Horse Collar
18:21 Man-at-Arms
20:10 Fishing Lines
23:16 Fletching
24:35 Scale Mail Armor
34:54 Castle Age
36:28 Bow Saw
36:22 Heavy Plow
39:56 Imperial Age
38:14 Fortified Wall
47:30 Heavy Scorpion
48:40 Ballistas
50:22 Wheelbarrow
52:21 Caravan
53:43 Hand Cart
jmcollier139
0:31 Loom
14:16 Feudal Age
24:01 Castle Age
22:11 Horse Collar
22:22 Double-Bit Axe
27:57 Bloodlines
30:20 Gold Mining
33:06 Wheelbarrow
34:27 Husbandry
35:48 Scale Barding Armor
35:54 Forging
40:09 Imperial Age
42:22 Cavalier
45:05 Savar
Def
1:24 Loom
1:39 Loom
10:59 Feudal Age
15:25 Castle Age
15:31 Fishing Lines
15:42 Double-Bit Axe
18:12 Bow Saw
18:11 Horse Collar
20:59 Gillnets
22:29 Gold Mining
22:33 Stone Mining
23:46 Fletching
24:23 Padded Archer Armor
24:24 Scale Mail Armor
24:34 Forging
25:40 Wheelbarrow
25:04 Gold Mining
25:42 Heavy Plow
27:38 Hand Cart
31:05 Imperial Age
28:40 Town Watch
29:25 Forging
29:45 Ballistics
29:56 Chain Mail Armor
30:55 Iron Casting
30:27 Squires
30:25 Bodkin Arrow
31:01 Town Patrol
31:04 Man-at-Arms
32:01 Masonry
32:31 Conscription
32:19 Ballistas
33:35 Blast Furnace
33:43 Gold Shaft Mining
32:53 Onager
33:00 Long Swordsman
33:58 Leather Archer Armor
33:57 Legionary
35:49 Heavy Scorpion
38:48 Chemistry
38:02 Siege Engineers
39:30 Ring Archer Armor
39:55 Architecture
40:31 Comitatenses
40:34 Elite Centurion
40:50 Sappers
44:59 Caravan
45:17 Guilds
48:40 Murder Holes
51:16 Elite Centurion
56:09 Pikeman
Big Dan
1:04 Loom
14:33 Feudal Age
14:39 Man-at-Arms
15:55 Arson
19:06 Fletching
19:17 Scale Mail Armor
26:54 Castle Age
27:20 Padded Archer Armor
27:01 Long Swordsman
28:59 Crossbowman
34:02 Scale Barding Armor
34:37 Bodkin Arrow
36:34 Chain Barding Armor
44:46 Leather Archer Armor
50:19 Imperial Age
47:44 Horse Collar
50:26 Husbandry
50:36 Bloodlines
50:39 Cavalier
52:02 Plate Barding Armor
50:55 Arbalester
55:25 Bracer
55:38 Siege Engineers
56:34 Chemistry
56:56 Ring Archer Armor
Neo2087
0:34 Loom
12:53 Feudal Age
14:10 Wheelbarrow
13:23 Double-Bit Axe
14:58 Horse Collar
21:14 Fletching
21:44 Padded Archer Armor
26:19 Castle Age
25:22 Stone Mining
43:38 Heavy Plow
48:42 Imperial Age
47:05 Bodkin Arrow
47:26 Leather Archer Armor
48:55 Scale Barding Armor
49:01 Forging
48:24 Elite Skirmisher
49:12 Thumb Ring
50:02 Gold Mining
50:30 Hand Cart
51:49 Chemistry
51:03 Murder Holes
51:15 Siege Engineers
51:39 Bracer
52:09 Ring Archer Armor
52:55 Gold Shaft Mining
52:45 Conscription
52:37 Bimaristan
52:58 Ballistics
52:51 Siege Engineers
52:59 Masonry
53:02 Fortified Wall
53:47 Caravan
54:38 Iron Casting
54:24 Chain Barding Armor
Connection lost

Rejoining the realm…

Still unreachable

The connection could not be restored.

Session expired

The server has moved on; the page needs a fresh start.